[Event "*** Titled Tuesday Blitz"]
[Site "Chess.com"]
[Date "2019.12.03"]
[Round "9"]
[White "norwaytoadog"]
[Black "Chessmatus"]
[Result "1-0"]
[WhiteElo "2312"]
[BlackElo "2365"]
[TimeControl "180+2"]
[EndTime "15:07:31 PST"]
[Termination "norwaytoadog won by checkmate"]

1. e4 c5 2. Nf3 d6 3. Bb5+ Nc6 4. Bxc6+ bxc6 5. O-O Bg4 6. h3 Bh5 7. g4 Bg6 8. e5 e6 9. Re1 Ne7 10. d4 cxd4 11.
Qxd4 d5 12. c4 h5 13. Bg5 hxg4 14. hxg4 Qb6 15. c5 Qc7 16. Nbd2 Nc8 17. Nh4 Bh7 18. b4 Be7 19. Nhf3 Bg6 20. Kg2 Bxg5 21. Nxg5 Ne7 22. Rh1 O-O-O 23. a4 Rxh1 24. Rxh1 Qd7 25. Ngf3 f6 26.
Rc1 Be4 27. b5 fxe5 28. Qxe5 Ng6 29. Qg3 Rf8 30. Nxe4 dxe4 31. Ne5 Nf4+ 32. Qxf4 Rxf4 33. Nxd7 Kxd7 34. Rd1+ Kc7 35. Rd6 Rxg4+ 36. Kh3 Rf4 37. Rxc6+ Kd7 38. Kg3 Rf3+ 39. Kg2 Rc3 40. Rd6+ Ke7 41.
Ra6 Rxc5 42. Rxa7+ Kd6 43. Rxg7 Rc2 44. Kf1 e5 45. b6 Rb2 46. b7 Kc6 47. a5 e3 48.
fxe3 Kd5 49. a6 Ke4 50. a7 Kf3 51. Rf7+ Kxe3 52. b8=Q Rd2 53. Qb6+ Rd4 54. Qxd4+ exd4 55. a8=Q d3 56. Rd7 d2 57. Rxd2 Kxd2 58. Qe4 Kd1 59.
Qg2 Kc1 60. Qe2 Kb1 61. Kf2 Ka1 62. Ke3 Kb1 63. Kd3 Ka1 64. Kc3 Kb1 65. Qb2# 1-0

[Event "*** Titled Tuesday Blitz"]
[Site "Chess.com"]
[Date "2019.12.03"]
[Round "9"]
[White "Laico"]
[Black "Bad4life"]
[Result "1-0"]
[WhiteElo "2337"]
[BlackElo "2380"]
[TimeControl "180+2"]
[EndTime "15:07:33 PST"]
[Termination "Laico won by resignation"]

1. e4 c5 2. Nc3 a6 3. g3 b5 4. Bg2 Bb7 5. d3 e6 6. f4 d5 7. exd5 Nf6 8. Qe2 Nxd5 9. f5 Be7 10. fxe6 O-O 11. Nf3 Nxc3 12. bxc3 Bf6 13. O-O Nc6 14. exf7+ Rxf7 15. Qe6 Qf8 16. Ng5 Nd8 17. Qb6 Bxg2 18. Kxg2 Bxg5 19. Bxg5 h6 20. Bxd8 Qxd8 21. Qxc5 Rc8 22.
Qe5 Re7 23. Qf5 Rxc3 24. Rf2 Qa8+ 25. Kg1 Qa7 26. Kg2 Qb7+ 27. Kg1 Qb6 28. Kg2 Qc6+ 29. Kg1 Rc7 30. Qf8+ Kh7 31. Qf5+ g6 32. Qf8 Qb6 33. Re1 Rxc2 34. Re7+ Rxe7 35. Qxe7+ Kg8 36. Qe8+ Kh7 37. Qf7+ Kh8 38. Qf8+ Kh7 39. Qf7+ Kh8 40. Qf8+ Kh7 41. Kg2 Rxf2+ 42. Qxf2 Qxf2+ 43. Kxf2 Kg7 44. Ke3 Kf6 45. Kd4 Ke6 46. Kc5 g5 47. Kb6 Kd5 48.
Kxa6 b4 49. Kb5 Kd4 50. Kxb4 Kxd3 51. a4 Ke3 52. a5 Kf3 53. a6 Kg2 54. a7 Kxh2 55. a8=Q Kxg3 56. Qh1 g4 57. Kc3 Kf2 58. Qh2+ Kf3 59. Qxh6 g3 60. Qf6+ Kg4 61. Qf1 1-0

[Event "*** Titled Tuesday Blitz"]
[Site "Chess.com"]
[Date "2019.12.03"]
[Round "9"]
[White "Bigfish1995"]
[Black "Eltaj_Safarli"]
[Result "0-1"]
[WhiteElo "2998"]
[BlackElo "2997"]
[TimeControl "180+2"]
[EndTime "15:07:34 PST"]
[Termination "Eltaj_Safarli won by resignation"]

1. d4 Nf6 2. c4 g6 3. h4 c5 4.
d5 b5 5. cxb5 a6 6. e3 Bg7 7.
Nf3 axb5 8. Na3 b4 9. Nc4 d6 10. Bd3 Ba6 11. h5 Nxh5 12. e4 Nd7 13. Qe2 O-O 14. g4 Nhf6 15. Rh4 e6 16. dxe6 fxe6 17. Nxd6 Bxd3 18. Qxd3 Ne8 19. Bg5 Qc7 20. Nc4 Nb6 21. Nfd2 Nxc4 22. Nxc4 Bd4 23. Be3 Rd8 24. Qe2 Nf6 25.
g5 Nh5 26. O-O-O e5 27. Kb1 Qf7 28. Rhh1 Qe6 29. Qc2 Rf7 30. Rd2 Rdf8 31. Rhd1 Nf4 32. Na5 Ra8 33. Nb3 Rfa7 34. Bxf4 exf4 35. Nxd4 Qxa2+ 36. Kc1 Qa1+ 37. Qb1 Qxb1+ 38. Kxb1 cxd4 39. Kc2 Rc8+ 40. Kb3 Rc5 41. Rg1 Rd7 42. Kxb4 Rc8 43. Kb3 Kf7 44.
Rgd1 Rcd8 45. Kc4 Rc8+ 46. Kd3 Rb8 47. Ra1 Rb5 48. Ra4 Rxg5 49. Rxd4 Rb7 50. b4 h5 51. Kc4 h4 52. Rd7+ Rxd7 53. Rxd7+ Ke6 54. Rh7 Rh5 55. Rxh5 gxh5 56. b5 h3 57. b6 h2 58.
b7 h1=Q 59. b8=Q Qxe4+ 60. Kc3 Qe5+ 61. Qxe5+ Kxe5 62. Kd3 Kd5 63. Ke2 Ke4 64. Kf1 Kf3 65. Kg1 Ke2 66. Kg2 f3+ 67. Kg3 h4+ 68. Kxh4 Kxf2 69.
Kg4 Kg2 0-1

[Event "*** Titled Tuesday Blitz"]
[Site "Chess.com"]
[Date "2019.12.03"]
[Round "9"]
[White "HarutyunianTigranK"]
[Black "wnstop"]
[Result "1/2-1/2"]
[WhiteElo "2767"]
[BlackElo "2683"]
[TimeControl "180+2"]
[EndTime "15:07:38 PST"]
[Termination "Game drawn by agreement"]

1. Nf3 Nf6 2. c4 g6 3. g3 Bg7 4. Bg2 O-O 5. O-O d6 6. d4 Nbd7 7. Nc3 e5 8. b3 c6 9. e4 Re8 10. Be3 a6 11. h3 b5 12. c5 b4 13. dxe5 bxc3 14. exf6 Nxf6 15. e5 Nd5 16. cxd6 Nxe3 17. fxe3 Bxe5 18. Nxe5 Rxe5 19. Qd4 Re6 20. Bxc6 Rxd6 21.
Qxc3 Bxh3 22. Bxa8 Bxf1 23. Rxf1 Qxa8 24. Qc7 Qd5 25. Rxf7 Qe5 26. Rg7+ Qxg7 27. Qxd6 Qa1+ 28. Kg2 Qxa2+ 29. Kh3 Qxb3 30. Qxa6 Qxe3 31. Qc8+ Kf7 32. Qc7+ Qe7 33. Qf4+ Kg7 34. Qd4+ Qf6 35. Qd7+ Kh6 36. Qd2+ Qg5 37. Qd6 Qh5+ 38. Kg2 Qe2+ 39. Kh3 Qf1+ 40. Kh2 Qf2+ 41. Kh3 Qf5+ 42. Kh2 Qf3 43. Qd8 Qe2+ 44. Kh3 Qe6+ 45. Kh2 g5 46. Qd3 Qa2+ 47. Kh3 Qe6+ 48. Kh2 Kg7 49. Qd4+ Kg6 50. Qd3+ Qf5 51. Qd6+ Qf6 52.
Qd3+ Kh6 53. g4 Qc6 54. Qf5 Qd6+ 55. Kh3 Qa3+ 56. Kh2 Qb2+ 57. Kh3 Qc3+ 58. Kg2 Qd2+ 59. Kf3 Qd1+ 60. Ke4 Qb1+ 61. Ke5 Qb5+ 62. Ke4 Qc4+ 63. Ke5 Qc5+ 64. Ke4 Qc2+ 1/2-1/2

[Event "*** Titled Tuesday Blitz"]
[Site "Chess.com"]
[Date "2019.12.03"]
[Round "9"]
[White "Nancy11111"]
[Black "PNEPaul"]
[Result "0-1"]
[WhiteElo "2320"]
[BlackElo "1745"]
[TimeControl "180+2"]
[EndTime "15:07:38 PST"]
[Termination "PNEPaul won by checkmate"]

1. d4 a6 2. Nf3 d6 3. e4 g6 4.
c3 b5 5. Bd3 Bb7 6. O-O Nd7 7.
Nbd2 Bg7 8. b3 e6 9. Bb2 Ne7 10. c4 b4 11. Qc2 O-O 12. d5 e5 13. Ne1 h6 14. f4 f6 15. f5 g5 16. g4 Kf7 17. Be2 Rh8 18. Kf2 Qg8 19. Nef3 Rf8 20. Rh1 h5 21. h3 Ke8 22. Rag1 Bc8 23. Ke1 Qf7 24. Kd1 hxg4 25. h4 gxf3 26. Nxf3 Bh6 27.
Bc1 Rfg8 28. hxg5 Bxg5 29. Nxg5 fxg5 30. Bg4 Nf6 31. Be2 g4 32. Rxh8 Rxh8 33. Bg5 Rh2 34. Qd2 Nxe4 35. Qe3 Nxg5 36. Qxg5 Qh5 37. Qg7 Qxf5 38.
Rxg4 Rxe2 39. Qh8+ Kd7 40. Kxe2 Qxg4+ 41. Kd2 Qg5+ 42.
Kc2 Qf5+ 43. Kb2 Qf2+ 44. Kb1 Qe1+ 45. Kb2 Qc3+ 46. Kb1 e4 47. Qh3+ Ke8 48. Qh5+ Kf8 49. Qh6+ Kf7 50. Qh5+ Kf6 51. Qh6+ Ke5 52. a4 Qxb3+ 53.
Kc1 Qxc4+ 54. Kd2 Qxd5+ 55. Kc2 Qd3+ 56. Kb2 Be6 57. Qg7+ Kd5 58. Qxe7 Qc3+ 59. Kb1 b3 60. Qg5+ Kc6 61. Qg2 Qc2+ 62. Qxc2+ bxc2+ 63. Kxc2 Kc5 64. Kd2 Kb4 65. Ke3 d5 66. Kd4 Kxa4 67. Kc5 e3 68. Kc6 e2 69. Kb7 e1=Q 70. Ka8 Qb4 71. Ka7 d4 72. Ka8 Bd5+ 73. Ka7 Qb7# 0-1

[Event "*** Titled Tuesday Blitz"]
[Site "Chess.com"]
[Date "2019.12.03"]
[Round "9"]
[White "Gabrielian_Artur"]
[Black "SirMittensofMittensville"]
[Result "1-0"]
[WhiteElo "2789"]
[BlackElo "2634"]
[TimeControl "180+2"]
[EndTime "15:07:42 PST"]
[Termination "Gabrielian_Artur won by resignation"]

1. e4 e5 2. Nf3 Nc6 3. Bc4 Bc5 4. d3 Nf6 5. Bg5 O-O 6. a4 a6 7. c3 Be7 8. Nbd2 d6 9. O-O Kh8 10. d4 h6 11. Bh4 exd4 12. Nxd4 Nxd4 13. cxd4 d5 14.
exd5 Nxd5 15. Bxe7 Nxe7 16. Re1 Nf5 17. Nf3 Nd6 18.
Bb3 Bg4 19. h3 Bh5 20. g4 Bg6 21. Ne5 Qf6 22. Nd7 Qh4 23. Nxf8 Rxf8 24. Qf3 f5 25. Rac1 Qd8 26. Re5 fxg4 27. Qxg4 Bf5 28. Qg3 Rf6 29. Kh2 c6 30. Rce1 Kh7 31. Re7 Bg6 32. R7e6 Nf5 33.
Qe5 Rxe6 34. Bxe6 Nxd4 35. Bg4 Nc2 36. Rg1 Qd2 37. Rg2 Ne1 38. Bf5 Nxg2 39. Bxg6+ Kxg6 40. Qe4+ Kf7 41. Qf5+ Ke7 42. Qe5+ Kf7 43. Qc7+ Kg8 44. Qc8+ Kh7 45. Qf5+ Kg8 46. Qe6+ Kh8 47. Qc8+ Kh7 48. Qf5+ Kg8 49. Qc8+ Kf7 50. Qxb7+ Kf8 51. Kxg2 Qd5+ 52.
Kg1 a5 53. b3 Kg8 54. Kf1 Kh7 55. Ke2 h5 56. Qb6 Kh6 57. Qe3+ Kg6 58. Qd3+ Qxd3+ 59. Kxd3 Kf5 60. b4 Ke6 61. bxa5 Kd6 62. f4 1-0

[Event "*** Titled Tuesday Blitz"]
[Site "Chess.com"]
[Date "2019.12.03"]
[Round "9"]
[White "LimeInTheCoconut"]
[Black "WorldChampionBulletChess"]
[Result "1-0"]
[WhiteElo "2345"]
[BlackElo "2107"]
[TimeControl "180+2"]
[EndTime "15:07:43 PST"]
[Termination "LimeInTheCoconut won on time"]

1. Nf3 d5 2. e3 Nc6 3. Bb5 Nf6 4. Bxc6+ bxc6 5. d3 Qd6 6. O-O e5 7. b3 Be7 8. Bb2 Nd7 9. e4 d4 10. Nbd2 Nb6 11.
a4 a5 12. Re1 O-O 13. Nf1 Bg4 14. h3 Bh5 15. Ng3 Bg6 16. Ba3 Qe6 17. Bxe7 Qxe7 18. Qd2 Nd7 19. Rf1 h5 20. Nh2 h4 21.
Nh1 f5 22. exf5 Rxf5 23. Rae1 Raf8 24. f3 Nf6 25. Ng4 Nd5 26. Qxa5 Ne3 27. Nxe3 dxe3 28. Qc3 Qg5 29. Qc5 e4 30. Qxe3 exf3 31. Qxg5 Rxg5 32. Rf2 Bh5 33. Re4 Rf6 34. Rxh4 Re6 35. Re4 Reg6 36. g4 Bxg4 37. Rxg4 Rxg4+ 38. hxg4 Rxg4+ 39. Kf1 Rh4 40. Ng3 Rf4 41. Ke1 g5 42. Kd2 g4 43. Ke3 Rf7 44.
Rh2 Re7+ 45. Kf2 c5 46. Rh4 Rg7 47. Nf5 Rg5 48. Rxg4 Rxg4 49. Nh6+ Kg7 50. Nxg4 Kg6 51. Kxf3 Kf5 52. Ne3+ Ke6 53. Ke4 Kd6 54. Nf5+ Kc6 55. Ke5 Kb6 56. Kd5 Ka5 57. Kxc5 c6 58. Kxc6 Kb4 59. d4 Kc3 60. d5 Kb2 61. b4 Kc3 62. b5 Kb2 63. a5 Kc1 64. b6 Kd2 65. c4 Kd1 66. c5 Ke1 67. d6 Kf2 68. a6 Kg2 69. a7 Kg1 70. b7 Kf1 71. a8=Q Kg1 72. b8=Q Kh1 73. Qb2 Kg1 74. d7 Kh1 75. d8=Q 1-0

[Event "*** Titled Tuesday Blitz"]
[Site "Chess.com"]
[Date "2019.12.03"]
[Round "9"]
[White "VladimirBelous"]
[Black "Konavets"]
[Result "0-1"]
[WhiteElo "2755"]
[BlackElo "2907"]
[TimeControl "180+2"]
[EndTime "15:07:44 PST"]
[Termination "Konavets won by resignation"]

1. c4 e6 2. Nf3 d5 3. b3 d4 4.
g3 c5 5. Bg2 Nc6 6. O-O Nf6 7.
e3 Be7 8. exd4 cxd4 9. Re1 O-O 10. Bb2 Re8 11. Ne5 Nxe5 12. Rxe5 Bd6 13. Bxd4 Bxe5 14.
Bxe5 Nd7 15. Bc3 e5 16. Na3 Nc5 17. d4 exd4 18. Bxd4 Ne4 19. Be3 Qxd1+ 20. Rxd1 Nc3 21. Rd6 a6 22. c5 Nb5 23. Nxb5 axb5 24. Bf1 Rxa2 25. Kg2 h5 26. Bd4 Be6 27. Bxb5 Rc8 28. b4 Rd2 29. Be3 Rxd6 30. cxd6 Rd8 31. d7 Bd5+ 32.
Kh3 Bc6 33. Be2 Bxd7+ 34. Kh4 g6 35. Kg5 Re8 36. Bd3 Bb5 37. Bc2 Rc8 38. Be4 Bc6 39.
Bd3 Rd8 40. Bc4 Bd5 41. Bb5 Be6 42. Kf6 Rd5 43. Be2 Bg4 44. Bc4 Rd6+ 45. Ke7 Rd7+ 46. Ke8 Rc7 47. Bd5 Be6 48. Be4 Rc4 49. Bxb7 Rxb4 50.
Bc6 Rc4 51. Bb7 Rc7 52. Be4 Kg7 53. h4 f6 54. Kd8 Rd7+ 55. Ke8 Rc7 56. Kd8 Rc8+ 57.
Ke7 Bf7 58. Kd7 Re8 59. Bf3 Re5 60. Bd4 Re1 61. Kd6 Re8 62. Bc6 Rd8+ 63. Kc5 Be6 64. Be4 Kf7 65. Bb1 Rc8+ 66. Kd6 Rc4 67. Be3 f5 68. Ke5 Ra4 69. Bc2 Ra2 70. Bd3 Ra3 71. Bc2 Bb3 72. Bd3 Ra5+ 73. Kf4 Kg7 74. Kg5 Kh7 75.
Be2 Bc2 76. Kf4 Kg7 77. Bc4 Ra4 0-1

[Event "*** Titled Tuesday Blitz"]
[Site "Chess.com"]
[Date "2019.12.03"]
[Round "9"]
[White "HanSchut"]
[Black "HouseOfDurin"]
[Result "1-0"]
[WhiteElo "2304"]
[BlackElo "2118"]
[TimeControl "180+2"]
[EndTime "15:07:48 PST"]
[Termination "HanSchut won by resignation"]

1. e4 c5 2. Nf3 Nc6 3. d4 cxd4 4. Nxd4 e5 5. Nb5 d6 6. N1c3 a6 7. Na3 b5 8. Nd5 Nf6 9. c4 b4 10. Nc2 Nxe4 11. Be3 Rb8 12. Bd3 Nf6 13. Bg5 Be7 14. Nxe7 Qxe7 15. Ne3 Be6 16. Nd5 Bxd5 17. cxd5 Nd4 18.
Bxa6 Qa7 19. Bd3 Nxd5 20. O-O h6 21. Qh5 Ne6 22. Bd2 Ndf4 23. Qf3 O-O 24. Bxf4 Nxf4 25. Bc2 Qe7 26. g3 Ne6 27. Qe3 Nd4 28. Bd3 f5 29. Rfe1 Qf6 30. a4 f4 31. Qe4 f3 32. Qh7+ Kf7 33.
Bc4+ Ke7 34. Rad1 Ne6 35. Qe4 Rbd8 36. Bb5 Qf5 37. Qxf5 Rxf5 38. h4 Nd4 39. Rxd4 Kf6 40. Rde4 g5 41. Rxb4 gxh4 42. Rxh4 Kg6 43. Ree4 d5 44.
Reg4+ Kh7 45. Kh2 e4 46. Rf4 Rxf4 47. Rxf4 Kg6 48. g4 Kg5 49. Kg3 Rd6 50. b4 d4 51.
Rxe4 d3 52. Re1 d2 53. Rd1 Rd4 54. Kxf3 Rf4+ 55. Ke2 Rxg4 56. Rxd2 Rxb4 57. Bd3 h5 58. a5 Ra4 59. a6 h4 60. Rd1 Kf4 61. Rh1 Ke5 62. Ke3 Ra3 63. f4+ Kd6 64. Rxh4 Ra1 65. Rh6+ Ke7 66. a7 Kf8 67. a8=Q+ Rxa8 68. Rh8+ Ke7 69. Rxa8 Kf6 70. Ra5 Ke6 71. Ke4 Kf7 72. Bc4+ 1-0

[Event "*** Titled Tuesday Blitz"]
[Site "Chess.com"]
[Date "2019.12.03"]
[Round "9"]
[White "Kostya_Nikologorskiy"]
[Black "Radzio1987"]
[Result "0-1"]
[WhiteElo "2655"]
[BlackElo "2854"]
[TimeControl "180+2"]
[EndTime "15:07:56 PST"]
[Termination "Radzio1987 won on time"]

1. d4 Nf6 2. c4 e6 3. Nf3 d5 4. g3 Bb4+ 5. Bd2 Be7 6. Bg2 Nbd7 7. Bc3 O-O 8. Nbd2 b6 9. O-O Bb7 10.
cxd5 Nxd5 11. e4 Nxc3 12. bxc3 c5 13. Qe2 Nf6 14. Rfd1 cxd4 15. cxd4 Bb4 16. e5 Nd5 17. Ne4 h6 18. Rac1 Qd7 19. Ne1 Rac8 20. Nd3 Be7 21.
h4 Rxc1 22. Rxc1 Rc8 23. Qd1 Rxc1 24. Qxc1 Qc6 25. Qd2 a5 26. Kh2 Kf8 27. Ne1 Bb4 28.
Qe2 Be7 29. Qd3 Nb4 30. Qd2 Qd7 31. f4 Bd5 32. a3 Nc6 33. Nc2 Bb3 34. Nf2 h5 35.
Qd3 Bxc2 36. Qxc2 Nxd4 37. Qh7 Ke8 38. Qxg7 Bf8 39. Qg5 Qe7 40. Qxh5 Qxa3 41. Ne4 a4 42. Ng5 Qe7 43. Qd1 Qd7 44. h5 b5 45. Nh7 Be7 46. h6 Nf5 47. Qh5 Qd3 48. Bc6+ Kd8 49. Qg4 a3 50.
Ng5 Nxh6 51. Nxf7+ Nxf7 52. Qxe6 b4 53. Qxf7 Qc2+ 54.
Bg2 a2 55. Qd5+ Kc7 56. Qb7+ Kd8 57. Qa8+ Kd7 58. f5 Bc5 59. Qc6+ Kd8 60. e6 Bg1+ 0-1

[Event "*** Titled Tuesday Blitz"]
[Site "Chess.com"]
[Date "2019.12.03"]
[Round "9"]
[White "olksuna"]
[Black "marianokar"]
[Result "0-1"]
[WhiteElo "2574"]
[BlackElo "2433"]
[TimeControl "180+2"]
[EndTime "15:08:11 PST"]
[Termination "marianokar won by resignation"]

1. e4 e5 2. Nf3 Nc6 3. Bc4 Nf6 4. d3 Be7 5. O-O O-O 6. a4 d6 7. Re1 Bg4 8. Nbd2 Nd7 9. h3 Bh5 10. c3 Nc5 11. Nf1 Ne6 12. Ng3 Bxf3 13. Qxf3 Bg5 14. b4 Bxc1 15. Raxc1 Ne7 16. Qg4 Qd7 17. Nh5 Ng6 18. g3 c6 19. h4 d5 20.
Bb3 Rad8 21. Kg2 Qc7 22. a5 a6 23. Re3 Rfe8 24. Rf3 Re7 25. Re1 Qd6 26. exd5 cxd5 27. Rf5 d4 28. Bxe6 Qxe6 29. cxd4 Qc6+ 30. Qe4 Rxd4 31.
Qxc6 bxc6 32. Rc1 Re6 33. Rc4 Rxd3 34. Rf3 Rd5 35. Rfc3 Ne7 36. g4 g6 37. Ng3 f5 38.
gxf5 gxf5 39. h5 Kf7 40. Nf1 f4 41. Nh2 Kf6 42. Kf3 Kf5 43. Re4 Red6 44. Rec4 Rd3+ 45. Ke2 Rxc3 46. Rxc3 Rd4 47. Rd3 Rxb4 48. Rd7 Rb2+ 49.
Ke1 Nd5 50. Nf3 Nc3 51. Rf7+ Ke4 52. Nd2+ Kd5 53. Rxh7 Ra2 54. Nf3 e4 55. Ng5 e3 56.
Rd7+ Kc5 57. fxe3 fxe3 58. Kf1 e2+ 59. Kf2 Ra1 60. Nf3 Rf1+ 61. Kg2 Rxf3 62. Re7 Rf1 63. Rxe2 Nxe2 64. Kxf1 Ng3+ 0-1

[Event "*** Titled Tuesday Blitz"]
[Site "Chess.com"]
[Date "2019.12.03"]
[Round "9"]
[White "Egorov_Pavel"]
[Black "ehrenfeld"]
[Result "0-1"]
[WhiteElo "2373"]
[BlackElo "2555"]
[TimeControl "180+2"]
[EndTime "15:08:11 PST"]
[Termination "ehrenfeld won on time"]

1. d4 f5 2. c4 Nf6 3. Nc3 e6 4. Nf3 Bb4 5. e3 b6 6. Bd3 Bxc3+ 7. bxc3 Bb7 8. O-O O-O 9. Qc2 Qe8 10. a4 Qh5 11. Ne1 Nc6 12. f3 Rae8 13. Ba3 Rf7 14.
c5 Kh8 15. cxb6 axb6 16. c4 f4 17. Bc1 fxe3 18. Bxe3 e5 19. d5 Nd4 20. Bxd4 exd4 21. Qf2 Qe5 22. Nc2 Ng4 23. Qg3 Qxg3 24. hxg3 Ne3 25.
Rfe1 Rfe7 26. Nxd4 Nxd5 27. Rxe7 Nxe7 28. Re1 Kg8 29. Nb5 Kf8 30. Nxc7 Rc8 31. Nb5 Ba6 32. Re4 Rc5 33. Rf4+ Kg8 34. Nd6 Nc6 35. Be4 Ne7 36.
Nf5 Nxf5 37. Bxf5 Rxc4 38. Bxd7 Rxf4 39. gxf4 Kf8 40. Kf2 Ke7 41. Bf5 h6 42. Ke3 Kf6 43. Bc2 h5 44. g3 Bc8 45. Kd4 Bb7 46. Be4 Ba6 47. Kd5 b5 48. a5 b4 49. Bc2 Bb7+ 50.
Kc5 Bxf3 51. Kxb4 g5 52. fxg5+ Kxg5 53. a6 Kg4 54. a7 Kxg3 55. Kc5 h4 56. Bb3 h3 57.
Bd5 Bxd5 58. Kxd5 h2 59. Kc6 h1=Q+ 60. Kb6 Qa8 0-1

[Event "*** Titled Tuesday Blitz"]
[Site "Chess.com"]
[Date "2019.12.03"]
[Round "9"]
[White "SHIVACalypso"]
[Black "chesstatour"]
[Result "1-0"]
[WhiteElo "2282"]
[BlackElo "1961"]
[TimeControl "180+2"]
[EndTime "15:08:12 PST"]
[Termination "SHIVACalypso won by resignation"]

1. Nf3 Nf6 2. c4 g6 3. g3 Bg7 4. Bg2 O-O 5. O-O c5 6. Nc3 Nc6 7. d3 e5 8. a3 d6 9. Rb1 a5 10. Ne1 Rb8 11. Nc2 Nd4 12. b4 Bd7 13. bxc5 dxc5 14. Rxb7 Rxb7 15. Bxb7 Qb6 16. Bg2 Qb3 17.
Nxd4 Qxd1 18. Rxd1 exd4 19. Nd5 Rb8 20. e3 Rb1 21.
exd4 cxd4 22. Nxf6+ Bxf6 23. Bf3 Be7 24. Bd2 Rb3 25.
Bxa5 Rxa3 26. Bb6 Bf6 27. c5 Rc3 28. Kf1 Be7 29. Rb1 Bxc5 30. Bxc5 Rxc5 31. Rb4 Bh3+ 32. Ke2 Rc2+ 33. Ke1 Rc1+ 34. Kd2 Rf1 35. Ke2 Ra1 36. Rxd4 Ra2+ 37. Ke3 Kg7 38. Rf4 Be6 39. Rb4 Ra3 40.
Rb7 Bf5 41. Be4 Bxe4 42. Kxe4 Ra2 43. Ke3 Kf8 44. h4 h5 45. f3 Rg2 46. Kf4 Rd2 47.
Rd7 Ke8 48. Rd4 Ke7 49. g4 hxg4 50. fxg4 Rh2 51. Kg3 Rh1 52. Re4+ Kd7 53. Rf4 Ke7 54. Rf2 Rd1 55. Re2+ Kd7 56. Re3 Rh1 57. d4 Kd8 58.
Re4 Kd7 59. Re3 Kd8 60. Rd3 Kd7 61. Rd2 Kd8 62. Rh2 Rd1 63. h5 Rd3+ 64. Kf4 gxh5 65. Ke4 Rg3 66. gxh5 Ke7 67. h6 Rg4+ 68. Kf5 Rg8 69. h7 Rh8 70. Rh6 Kf8 71. Kf6 1-0

[Event "*** Titled Tuesday Blitz"]
[Site "Chess.com"]
[Date "2019.12.03"]
[Round "9"]
[White "tteshan"]
[Black "Vugar_Manafov"]
[Result "0-1"]
[WhiteElo "2357"]
[BlackElo "2518"]
[TimeControl "180+2"]
[EndTime "15:08:19 PST"]
[Termination "Vugar_Manafov won by resignation"]

1. d4 Nf6 2. c4 e6 3. Nc3 Bb4 4. e3 c5 5. a3 Bxc3+ 6. bxc3 O-O 7. Nf3 d6 8. Bd3 Nc6 9. e4 Ne8 10. O-O b6 11. Qe2 Ba6 12. Rd1 e5 13. d5 Ne7 14.
Bg5 h6 15. Bd2 f5 16. exf5 Nxf5 17. Be1 Qd7 18. Nd2 Nf6 19. Ne4 Rae8 20. f3 Bc8 21. a4 Nh5 22. Bd2 Nh4 23. Qf2 Qe7 24. Be1 Nf5 25.
g4 Nf4 26. Bf1 Qf7 27. gxf5 Bxf5 28. Ng3 Qg6 29. Kh1 Bh3 30. Bxh3 Nxh3 31. Qg2 Nf4 32. Qg1 Nh3 33. Qe3 Ng5 34. Bd2 Rxf3 35. Qg1 Ref8 36. Bxg5 Qxg5 37. Ra2 Qg4 38. Rg2 Qxc4 39. Nh5 g5 40.
Rxg5+ hxg5 41. Qxg5+ Kf7 42. Qg7+ Ke8 43. Qg6+ Kd7 44.
Qe6+ Kc7 45. Qe7+ Kc8 46. Qe6+ Kb7 47. Qd7+ Ka6 48. Qb5+ Qxb5 49. axb5+ Kxb5 50. Rb1+ Kc4 51. Ng3 Rxc3 52. Kg2 Kxd5 53. Rd1+ Kc6 54. Ne4 Rc2+ 55. Kg3 d5 56. Ng5 e4 57. h4 e3 58. Ne6 e2 0-1

[Event "*** Titled Tuesday Blitz"]
[Site "Chess.com"]
[Date "2019.12.03"]
[Round "9"]
[White "Vuks91"]
[Black "rasmussvane"]
[Result "0-1"]
[WhiteElo "2648"]
[BlackElo "2838"]
[TimeControl "180+2"]
[EndTime "15:08:27 PST"]
[Termination "rasmussvane won by checkmate"]

1. d4 e6 2. Nf3 Nf6 3. Bf4 d5 4.
e3 Bd6 5. Bg3 O-O 6. c4 a6 7. Nc3 dxc4 8. Bxc4 b5 9. Bd3 Bb7 10.
Bh4 Nbd7 11. O-O Be7 12. Qe2 c5 13. Rad1 Qc7 14. Bb1 Rfd8 15. a3 h6 16. Rfe1 Rac8 17. e4 cxd4 18. Nxd4 Ne5 19. Bg3 Bd6 20. Ndxb5 axb5 21.
Nxb5 Ba6 22. Nxc7 Bxe2 23. Rxd6 Rxd6 24. Bxe5 Rd1 25. Rxd1 Bxd1 26. f3 Bb3 27. Bd3 Nd7 28.
Bd6 Rd8 29. Be2 Nb6 30. e5 Na4 31. Bb5 Nxb2 32. Kf2 Bc4 33. Bc6 Bb3 34. Bb5 f5 35.
f4 Kf7 36. Ke3 g5 37. g3 gxf4+ 38. gxf4 Rg8 39. Kd4 Rg2 40. Kc3 Ba4 41. Bf1 Rf2 42. Ba6 Rxh2 43. Bc8 Nd1+ 44. Kb4 Bc6 45. Bxe6+ Kg6 46.
Bg8 h5 47. e6 h4 48. Bf7+ Kf6 49. Bh5 Rb2+ 50. Kc5 Rc2+ 51. Kb6 h3 52. e7 h2 53. Bf3 Bd7 54. Be5+ Kxe7 55. Nd5+ Kf7 56. Nc7 Nf2 57.
Bh5+ Ke7 58. Nd5+ Kf8 59. Bd6+ Kg7 60. Be5+ Kh6 61. Bf3 h1=Q 62. Bxh1 Nxh1 63. Nc7 Nf2 64. Ka5 Nd3 65. Bd6 Rc4 66. Na6 Nxf4 67. Nc5 Be8 68. a4 Nd5 69. Ne6 Rxa4# 0-1

[Event "*** Titled Tuesday Blitz"]
[Site "Chess.com"]
[Date "2019.12.03"]
[Round "9"]
[White "masrahi"]
[Black "coalescenet"]
[Result "1/2-1/2"]
[WhiteElo "1973"]
[BlackElo "2299"]
[TimeControl "180+2"]
[EndTime "15:08:30 PST"]
[Termination "Game drawn by repetition"]

1. c4 e6 2. Nc3 d5 3. d4 Nf6 4. cxd5 exd5 5. Bg5 Be7 6. Qc2 Nbd7 7. e3 Nf8 8. Bd3 Ne6 9. Bh4 g6 10. Nf3 Ng7 11. O-O Nf5 12. Bg5 O-O 13. Rab1 a5 14. a3 h6 15. Bf4 Kg7 16. Be5 c6 17. b4 axb4 18. axb4 Bd6 19. b5 Be6 20. bxc6 bxc6 21.
Na4 Bxe5 22. Nxe5 Qa5 23. Nb6 Rab8 24. Nxc6 Qxb6 25. Rxb6 Rxb6 26. Ne5 Rfb8 27. h3 Rb2 28.
Qc5 Rc8 29. Qa3 Rbb8 30. Rb1 Ra8 31. Qb2 Ra7 32. Qb6 Rac7 33. Bf1 Ne4 34. Nd3 Nd2 35. Rd1 Nc4 36. Qa6 Rc6 37. Qa4 Nb6 38. Qa2 Ra8 39.
Qe2 Nd7 40. Nc5 Nxc5 41. dxc5 Rxc5 42. Qb2+ Kh7 43. Qe5 Rac8 44. g3 Rc2 45. Kg2 Ng7 46. Qf6 Ra2 47. Bd3 Rb8 48. e4 Rbb2 49. exd5 Bxd5+ 50. Kg1 Be6 51. Qf4 Bxh3 52. Kh2 Bf5 53. Qa4 Rxf2+ 54. Kg1 Rg2+ 55. Kf1 Raf2+ 56. Ke1 Bg4 57.
Rb1 h5 58. Qe4 Rf6 59. Qxg2 Re6+ 60. Kd2 Rd6 61. Rb3 Bf5 62. Rc3 Ne6 63. Qf3 Ng5 64.
Qf4 Ne4+ 65. Kc2 Rxd3 66. Rxd3 Nc5 67. Kd2 Nxd3 68. Qd6 Kg7 69. Ke3 Ne1 70. Kf4 Nc2 71. Qe5+ Kg8 72. Qe8+ Kg7 73. Qe5+ Kg8 74. Qb8+ Kg7 75.
Qb2+ Kf8 76. Qb8+ Kg7 77. Qe5+ 1/2-1/2

[Event "*** Titled Tuesday Blitz"]
[Site "Chess.com"]
[Date "2019.12.03"]
[Round "9"]
[White "enriquetejedor"]
[Black "RitvarsReimanis"]
[Result "0-1"]
[WhiteElo "2468"]
[BlackElo "2561"]
[TimeControl "180+2"]
[EndTime "15:08:33 PST"]
[Termination "RitvarsReimanis won on time"]

1. e4 c5 2. Nc3 Nc6 3. g3 g6 4. Bg2 Bg7 5. d3 Rb8 6. Be3 b5 7. Bxc5 b4 8. Na4 Qa5 9. b3 Bxa1 10. Qxa1 f6 11. f4 Nh6 12. h3 Ba6 13. Bf2 Bb5 14.
Nb2 Qa3 15. Ne2 a5 16. O-O a4 17. bxa4 Ba6 18. Nc1 Qc3 19. Qb1 Na5 20. Nb3 Nxb3 21. axb3 Rc8 22. Nc4 Nf7 23. Be1 Qd4+ 24. Bf2 Qc3 25. Rd1 Nd6 26. Be1 Qd4+ 27. Bf2 Qc3 28. Nxd6+ exd6 29. Be1 Qxc2 30. Qxc2 Rxc2 31. Bxb4 Rb2 32.
Bxd6 Rxb3 33. Bf1 Kf7 34. a5 Rc8 35. Rd2 Rc1 36. Kf2 Ra1 37. Bc7 Rab1 38. Be2 R3b2 39. Rxb2 Rxb2 40. Ke3 Rb1 41. Bb6 Rh1 42. h4 Rg1 43.
Kf3 Rb1 44. Ke3 Rg1 45. Kf3 Rb1 46. Bd8 f5 47. e5 Ke6 48. Bb6 Ra1 49. Ke3 Rg1 50.
Kf3 Rb1 51. Kf2 h5 52. Ke3 d6 53. exd6 Kxd6 54. Bf3 Rb3 55. Be2 Ra3 56. Kd4 Ra4+ 57. Ke3 Ra2 58. Bd1 Rg2 59. Kd4 Rxg3 60. Bc5+ Kc7 61.
Bc2 Rg4 62. Ke5 Rxh4 63. d4 Rh2 64. Bb3 Re2+ 65. Kf6 h4 66. Kxg6 h3 67. Bb6+ Kc6 68.
d5+ Kd6 69. Ba7 Re8 70. Bg1 Rg8+ 71. Kxf5 Rxg1 72. Kf6 h2 73. f5 h1=Q 0-1

[Event "*** Titled Tuesday Blitz"]
[Site "Chess.com"]
[Date "2019.12.03"]
[Round "9"]
[White "kuli4ik"]
[Black "KRASAVCHIK2002"]
[Result "1/2-1/2"]
[WhiteElo "2819"]
[BlackElo "2509"]
[TimeControl "180+2"]
[EndTime "15:08:57 PST"]
[Termination "Game drawn by repetition"]

1. Nf3 Nf6 2. g3 b6 3. Bg2 Bb7 4. O-O c5 5. c4 g6 6. b3 Bg7 7. Bb2 O-O 8. Nc3 d5 9. cxd5 Nxd5 10. Qc1 Nxc3 11. dxc3 Nc6 12. Rd1 Qc7 13. c4 Rad8 14. Bxg7 Kxg7 15. Qc3+ Kg8 16. h4 h5 17. Qe3 Rxd1+ 18.
Rxd1 Rd8 19. Rxd8+ Qxd8 20. Kh2 Nd4 21. Nxd4 cxd4 22.
Qe5 Bxg2 23. Kxg2 Qd7 24. Qd5 Qxd5+ 25. cxd5 Kg7 26. Kf3 f5 27. b4 b5 28. Kf4 Kf6 29. a3 a6 30. f3 e5+ 31. dxe6 Kxe6 32.
g4 fxg4 33. fxg4 hxg4 34. Kxg4 Ke5 35. Kg5 Ke4 36. Kxg6 Ke3 37. h5 Kxe2 38. h6 d3 39. h7 d2 40. h8=Q d1=Q 41. Qe5+ Kd2 42. Qd6+ Kc2 43.
Qxa6 Qd3+ 44. Kf6 Kb3 45. Ke5 Qc4 46. Kd6 Kb2 47. Qa7 Kb3 48. Qe3+ Ka4 49. Kd7 Qc2 50.
Kd6 Qc4 51. Qa7+ Kb3 52. Qa8 Kb2 53. Qf3 Ka2 54. Qe3 Kb2 55. Kd7 Ka2 56. Kd6 Kb2 57.
Ke5 Ka2 58. Qh3 Kb2 59. Qf3 Ka2 60. Qe3 Kb2 61. Kd6 Ka2 62. Qa7 Kb2 63. Qa5 Kb3 64. Qa8 Kb2 65. Qf3 Ka2 66. Kd7 Kb2 67. Qh3 Ka2 68.
Qg3 Kb2 69. Qf3 Ka2 70. Qe3 Kb2 71. Kd6 Ka2 72. Qa7 Kb2 73. Qa6 Ka2 74. Qa5 Kb3 75. Qa8 1/2-1/2